 Dungeon Crawl Stone Soup version 0.27-a0-421-g7ddf969dea (webtiles) character file.

Game seed: 2641623776107730956

12630 sanka the Covert (level 11, 64/64 HPs)
             Began as a Vampire Enchanter on Feb 25, 2021.
             Was an Initiate of Ru.
             Quit the game on level 11 of the Dungeon on Feb 26, 2021.
             The game lasted 00:34:02 (15164 turns).

sanka the Covert (Vampire Enchanter)               Turns: 15164, Time: 00:34:03

Health: 64/64      AC:  6    Str:  7    XL:     11   Next: 65%
Magic:  20/20      EV: 28    Int: 18    God:    Ru [......]
Gold:   560        SH:  0    Dex: 24    Spells: 10/22 levels left

rFire    . . .     SeeInvis +   a - +2 dagger (venom)
rCold    + + .     Faith    +   (no shield)
rNeg     + + +     Spirit   .   b - +0 robe
rPois    ∞         Reflect  .   p - +0 helmet
rElec    .         Harm     .   J - +0 cloak
rCorr    .         Rampage  .   (no gloves)
Will     ++...                  o - +1 pair of boots
Stlth    ++++++++..             i - amulet of faith
HPRegen  0.20/turn              r - ring of Jeizeken {rPois Will+ Dex+6}
MPRegen  0.17/turn              d - +4 ring of evasion

@: bloodless
A: fangs 3, see invisible, unbreathing, no necromancy magic, no poison magic, no
transmutations magic
a: Bat Form, Revivify, Renounce Religion


You were on level 11 of the Dungeon.
You worshipped Ru.
Ru was noncommittal.
You visited 2 branches of the dungeon, and saw 12 of its levels.
You also visited: Trove.

You collected 630 gold pieces.
You spent 70 gold pieces at shops.


Innate Abilities, Weirdness & Mutations

You do not regenerate when monsters are visible.
You are frail without blood (-20% HP).
You can heal yourself when you bite living creatures.
You are immune to poison.
You have razor-sharp teeth.
You have supernaturally acute eyesight. (SInv)
You can survive without breathing.
You cannot study or cast Necromancy magic.
You cannot study or cast Poison magic.
You cannot study or cast Transmutations magic.


   Skills:
 - Level 6.0 Fighting
 + Level 7.6 Short Blades
 + Level 10.8 Dodging
 + Level 13.0 Stealth
 - Level 6.0 Spellcasting
 - Level 12.0 Hexes


You had 10 spell levels left.
You knew the following spells:

 Your Spells              Type           Power        Failure   Level
c - Tukima's Dance        Hex            48%          1%          3
x - Ensorcelled Hibernat  Hex/Ice        54%          1%          2
y - Dazzling Flash        Conj/Hex       54%          3%          3
z - Confusing Touch       Hex            48%          1%          3
Z - Corona                Hex            53%          1%          1

Your spell library contained the following spells:

 Spells                   Type           Power        Failure   Level
 Fulminant Prism          Conj/Hex       13%          10%         4
 Magic Dart               Conj           20%          12%         1
 Sandblast                Erth           10%          12%         1
 Searing Ray              Conj           10%          19%         2
 Stone Arrow              Conj/Erth      10%          34%         3
 Iskenderun's Mystic Bla  Conj/Tloc      5%           75%         4
 Lee's Rapid Deconstruct  Erth           2%           97%         5
 Passwall                 Tmut/Erth      Unusable     N/A         2
 Petrify                  Tmut/Erth      Unusable     N/A         4

Inventory:

Hand Weapons
 a - a +2 dagger of venom (weapon)
Missiles
 q - a throwing net {=f}
 I - 3 curare-tipped darts {=f}
Armour
 b - a +0 robe (worn)
 o - a +1 pair of boots (worn)
 p - a +0 helmet (worn)
 J - a +0 cloak (worn)
Magical Staves
 G - a staff of death
Jewellery
 c - an amulet of the acrobat
 d - a +4 ring of evasion (right hand)
 e - the ring of Zuwuirurgh {Fire rElec Str+8 Int-2}

   [ring of fire]

   It enhances your fire magic.
   It affects your strength (+8).
   It affects your intelligence (-2).
   It protects you from fire.
   It makes you vulnerable to cold.
   It insulates you from electricity.
 f - the ring of the Middle {Ice Slay+3}

   [ring of ice]

   It enhances your ice magic.
   It affects your accuracy and damage with ranged weapons and melee attacks
   (+3).
   It makes you vulnerable to fire.
   It protects you from cold.
 i - an amulet of faith (around neck)
 j - a +6 ring of intelligence
 l - the ring of Sovereignty {rPois SInv}

   [ring of see invisible]

   It protects you from poison.
   It lets you see invisible.
 m - a ring of protection from cold
 n - the amulet "Ufiguewn" {RegenMP Dex+3}

   [amulet of magic regeneration]

   It increases your magic regeneration.
   It affects your dexterity (+3).
 r - the ring of Jeizeken (left hand) {rPois Will+ Dex+6}

   [ring of dexterity]

   It affects your dexterity (+6).
   It protects you from poison.
   It affects your willpower, your defense against some magical effects.
 s - the amulet of Megalomania {rF+ Regen+ MP+9 Str-2}

   [amulet of regeneration]

   It affects your strength (-2).
   It protects you from fire.
   It affects your magic capacity (+9).
   It increases your rate of regeneration.
 u - a +4 ring of slaying
 w - the amulet "Qefoq" {Acrobat Int+2 Slay+3}

   [amulet of the acrobat]

   It helps you evade while moving and waiting.
   It affects your intelligence (+2).
   It affects your accuracy and damage with ranged weapons and melee attacks
   (+3).
 x - a ring of ice
 z - a ring of resist corrosion
 R - a ring of flight
Wands
 t - a wand of polymorph (6)
 D - a wand of iceblast (2)
 M - a wand of charming (9)
Scrolls
 g - a scroll of immolation {!r}
 h - 5 scrolls of enchant armour
 k - a scroll of enchant weapon
 v - 2 scrolls of magic mapping
 y - 2 scrolls of amnesia
 A - a scroll of fear
 C - 2 scrolls of silence {!r}
 F - 4 scrolls of blinking
 S - 3 scrolls of identify {@r1}

Dungeon Overview and Level Annotations

Branches:
Dungeon (11/15)            Temple (1/1) D:7            Lair (0/6) D:8
    Orc (0/2) D:9

Altars:
Ashenzari
Cheibriados
Dithmenos
Elyvilon
Fedhas
Gozag
Hepliaklqana
Kikubaaqudgha
Makhleb
Nemelex Xobeh
Okawaru
Qazlal
Ru
Sif Muna
Trog
Uskayaw
Vehumet
Wu Jian
Xom
Yredelemnul
Zin
The Shining One
Beogh

Shops:
D:4 !

Portals:
Abyss: D:5

Annotations:
D:5 2 transporters, HoaS's ghost, amateur DgGl

.........▒.....▒▒▒▒▒'▒▒▒...▒.....
▒▒▒'▒▒▒▒▒▒.....'.......▒...▒.....
........▒▒'▒▒▒▒▒.......▒...▒.....
........▒▒▒▒▒▒▒▒▒▒▒▒▒..▒...▒.....
........▒▒.........▒▒..▒...▒.....
▒▒▒▒▒▒▒▒▒..▒▒▒▒▒▒▒..▒▒.▒...▒.....
▒▒▒▒▒▒▒▒..▒▒.....▒▒..▒▒▒...'.....
.....▒▒..▒▒..▒▒▒.!▒▒..▒▒...▒.....
....▒▒..▒▒..▒▒).V▒▒..▒▒▒▒▒▒▒.....
.....▒▒..▒▒..▒▒▒▒▒..▒▒.▒ ▒.▒▒▒▒
......▒▒..▒▒.......▒▒..▒ ▒.▒
.......▒▒..▒▒▒▒▒▒▒▒▒▒..▒ ▒.▒▒▒▒
........▒▒.....▒.▒ ▒..▒ ▒.....
'▒▒▒▒▒▒▒▒▒>....▒.▒ ▒..▒▒▒▒▒.....
....'...▒▒....<▒.▒ ▒..'...▒...▒▒
.▒▒.▒...▒▒.....▒.▒ ▒..▒...▒...▒
.▒▒.▒...▒▒.....▒.▒ ▒..▒...▒...▒


There were no monsters in sight!


Message History

Items here: !! )))) [.
Drop what? 44/52 slots (_ for help) (? for menu, Esc to quit)
You drop a ring of fire.
You drop a ring of magical power.
You drop a +6 ring of strength.
You drop an amulet of reflection.
You drop a +6 ring of strength.
You drop an amulet of reflection.
You drop a +6 ring of strength.
You drop a ring of wizardry.
Unknown command.
Unknown command.
Unknown command.
You're wearing all the rings you can.
Remove which one? (? for menu, Esc to cancel) < or
j - a +6 ring of intelligence > or
d - a +4 ring of evasion You remove your +6 ring of intelligence.
You feel stupid.
You feel agile.
r - the ring of Jeizeken (left hand) {rPois Will+ Dex+6}
Items here: !!!!!!!!!!.
Items here: "" ======.
Okay, then.
Okay, then.
Options error: Bad object type '%' for autopickup. (~/.crawlrc:99) Options error: Unknown monster: "greater mummy:lightmagenta M" (~/.crawlrc:1395) Welcome back, sanka the Vampire Enchanter.
Ru says: Cut away your false body!
Are you sure you want to abandon this character and quit the game? (Confirm with "yes".)

Action                   |  1- 3 |  4- 6 |  7- 9 | 10-12 || total
-------------------------+-------+-------+-------+-------++-------
Melee: Dagger            |   165 |   214 |   471 |   510 ||  1360
       Bite              |     8 |    19 |    42 |    72 ||   141
 Cast: Ensorcelled Hiber |     3 |     9 |    33 |     6 ||    51
       Confusing Touch   |     2 |     6 |    40 |    45 ||    93
Invok: Reject Sacrifices |       |       |       |     1 ||     1
       Sacrifice Arcana  |       |       |       |     1 ||     1
 Abil: Exsanguinate      |     1 |     1 |       |       ||     2
       Revivify          |     1 |       |       |       ||     1
Evoke: Wand              |       |       |     2 |       ||     2
  Use: Scroll            |       |     2 |     2 |     9 ||    13
       Potion            |       |     2 |     2 |     1 ||     5
 Stab: Sleeping          |    11 |    21 |    43 |    29 ||   104
       Confused          |     3 |     6 |    43 |    43 ||    95
       Distracted        |       |     1 |     2 |     4 ||     7
Armor: Robe              |    34 |    20 |    51 |    24 ||   129
Dodge: Dodged            |   148 |   196 |   409 |   408 ||  1161

Levels and vault maps discovered:
D:1:      ebering_hopf_link, layout_loops_ring
D:2:      layout_basic, uniq_terence, uniq_robin, uniq_sigmund
D:3:      layout_loops_ring, chequers_ecumenical_altar_simple_redux,
          wad_floor_pattern_untrapped, minmay_shallow_snake_nest, uniq_ijyb,
          uniq_grinder
D:4:      layout_cave_pods, serial_shops,
          nicolae_shop_competitors_out_of_business
D:5:      layout_rooms, gammafunk_ghost_abyssal_escape, uniq_pikel
D:6:      minmay_chambers_of_threes, layout_cave_pools,
          minmay_misc_feat_hallway, fedhas_bush_and_centaur_altar
D:7:      layout_loops_cross, minmay_temple_entry_large_hall,
          kennysheep_small_spiral, uniq_prince_ribbit1
D:8:      layout_layer_cave, lair_entry_dummy, minivault_4, nzn_life_drinkers
D:9:      layout_roguey [special_room_orc], grunt_dithmenos_smoke, erik_orc_1
D:10:     layout_irregular_city
D:11:     layout_stronghold, basic_altar, trove_entry_hex_spiral,
          roderic_serpentine_path
Temple:   roderic_octagonal_lattice_temple

Notes
Turn   | Place    | Note
-------+----------+-------------------------------------------
     0 | D:1      | sanka the Vampire Enchanter began the quest for the Orb.
     0 | D:1      | Reached XP level 1. HP: 13/13 MP: 3/3
   225 | D:1      | Reached XP level 2. HP: 19/19 MP: 5/5
   233 | D:1      | Learned a level 2 spell: Ensorcelled Hibernation
   369 | D:1      | Reached skill level 5 in Stealth
   490 | D:1      | Reached skill level 5 in Hexes
   866 | D:2      | Reached XP level 3. HP: 19/19 MP: 2/6
   932 | D:2      | Noticed Sigmund
  1085 | D:1      | Learned a level 3 spell: Confusing Touch
  1360 | D:2      | Killed Sigmund
  1361 | D:2      | Reached skill level 3 in Dodging
  1361 | D:2      | Reached skill level 6 in Stealth
  1361 | D:2      | Reached skill level 6 in Hexes
  1361 | D:2      | Reached XP level 4. HP: 19/27 MP: 5/7
  1361 | D:2      | Reached XP level 5. HP: 22/31 MP: 5/8
  1433 | D:2      | Noticed Terence
  1454 | D:2      | Killed Terence
  1455 | D:2      | Reached skill level 4 in Dodging
  1588 | D:2      | Reached skill level 7 in Stealth
  1737 | D:2      | Noticed Robin
  1877 | D:2      | Killed Robin
  1878 | D:2      | Reached XP level 6. HP: 31/41 MP: 6/9
  2122 | D:3      | Learned a level 3 spell: Tukima's Dance
  2327 | D:4      | HP: 2/31 [worker ant (3)]
  2611 | D:4      | Reached skill level 7 in Hexes
  2870 | D:4      | Found Boahohea's Distillery.
  2880 | D:4      | Bought a potion of heal wounds for 70 gold pieces
  3357 | D:3      | Noticed Ijyb
  3364 | D:3      | Killed Ijyb
  3510 | D:3      | Reached skill level 8 in Stealth
  3744 | D:3      | Reached skill level 5 in Dodging
  3938 | D:3      | Found a faded altar of an unknown god.
  3981 | D:3      | Reached XP level 7. HP: 36/36 MP: 10/10
  4084 | D:3      | Noticed Grinder
  4108 | D:3      | Killed Grinder
  4109 | D:3      | Reached skill level 2 in Fighting
  4109 | D:3      | Reached skill level 8 in Hexes
  4305 | D:5      | Entered Level 5 of the Dungeon
  4305 | D:5      | Noticed Pikel
  4323 | D:4      | HP: 2/40 [lemure[Pikel] (10)]
  4775 | D:4      | Killed Pikel
  4776 | D:4      | Reached skill level 3 in Fighting
  4776 | D:4      | Reached skill level 6 in Dodging
  4776 | D:4      | Reached XP level 8. HP: 26/48 MP: 2/11
  5043 | D:4      | Reached skill level 4 in Fighting
  5043 | D:4      | Reached skill level 7 in Dodging
  5148 | D:5      | Found a transporter.
  5196 | D:5      | Found a transporter.
  5393 | D:5      | Identified the +4 whip of Cyoclisi {distort, rF+++ rC+
                  | Dex+4 Stlth-}
  5484 | D:5      | Found a one-way gate to the infinite horrors of the Abyss.
  5570 | D:5      | Noticed HoaS's ghost (amateur DgGl)
  5640 | D:5      | Reached skill level 5 in Fighting
  6142 | D:5      | Reached skill level 8 in Dodging
  6602 | D:6      | Found a blossoming altar of Fedhas.
  6717 | D:6      | Reached XP level 9. HP: 54/54 MP: 12/12
  6848 | D:6      | Reached skill level 2 in Short Blades
  7296 | D:6      | Learned a level 3 spell: Dazzling Flash
  7488 | D:6      | Identified a fine kite shield
  7546 | D:7      | Noticed Prince Ribbit
  7566 | D:7      | Killed Prince Ribbit
  7567 | D:7      | Reached skill level 3 in Short Blades
  7567 | D:7      | Reached skill level 9 in Stealth
  7567 | D:7      | Reached skill level 3 in Spellcasting
  7730 | D:7      | Found a staircase to the Ecumenical Temple.
  7742 | Temple   | Entered the Ecumenical Temple
  8062 | Temple   | Became a worshipper of Ru the Awakened
  8805 | D:8      | Reached skill level 6 in Fighting
  8824 | D:8      | Reached skill level 9 in Hexes
  9102 | D:8      | Found a glowing golden altar of the Shining One.
  9179 | D:8      | Reached skill level 4 in Short Blades
  9289 | D:8      | Reached skill level 9 in Dodging
  9406 | D:8      | Found a burning altar of Makhleb.
  9648 | D:8      | Found a staircase to the Lair.
  9728 | D:8      | Reached XP level 10. HP: 60/60 MP: 11/15
  9746 | D:8      | Reached skill level 10 in Stealth
 10279 | D:9      | Reached skill level 4 in Spellcasting
 10367 | D:9      | Found a roughly hewn altar of Beogh.
 10793 | D:9      | Reached skill level 10 in Hexes
 11037 | D:9      | Reached skill level 5 in Short Blades
 11066 | D:9      | Found a shadowy altar of Dithmenos.
 11072 | D:9      | Noticed a two-headed ogre
 11075 | D:9      | Killed a two-headed ogre
 11198 | D:10     | Entered Level 10 of the Dungeon
 11199 | D:10     | Noticed a two-headed ogre
 11204 | D:10     | Killed a two-headed ogre
 11205 | D:10     | Reached skill level 11 in Stealth
 11205 | D:10     | Reached skill level 5 in Spellcasting
 11404 | D:10     | Noticed a gargoyle
 11422 | D:10     | Killed a gargoyle
 11615 | D:10     | Noticed an unseen horror
 11628 | D:10     | Killed an unseen horror
 11629 | D:10     | Reached skill level 6 in Short Blades
 11629 | D:10     | Reached skill level 10 in Dodging
 11629 | D:10     | Reached skill level 11 in Hexes
 12181 | D:10     | Reached XP level 11. HP: 64/64 MP: 16/19
 13103 | D:9      | Found a staircase to the Orcish Mines.
 13310 | D:9      | Upgraded the game from 0.27-a0-417-g317cea8a3c to
                  | 0.27-a0-421-g7ddf969dea
 13418 | D:11     | HP: 5/64 [cyclops (19)]
 13430 | D:11     | Reached skill level 12 in Stealth
 13620 | D:11     | Noticed a red ugly thing
 13636 | D:11     | Killed a red ugly thing
 13637 | D:11     | Reached skill level 6 in Spellcasting
 13691 | D:11     | Found a shimmering altar of Xom.
 13995 | D:11     | Reached skill level 7 in Short Blades
 14047 | D:11     | Noticed a cyan ugly thing
 14070 | D:11     | Killed a cyan ugly thing
 14259 | D:11     | Noticed a two-headed ogre
 14265 | D:11     | Killed a two-headed ogre
 14266 | D:11     | Reached skill level 12 in Hexes
 14435 | D:11     | Reached skill level 13 in Stealth
 14525 | D:11     | Gained mutation: You cannot study or cast Poison magic. [Ru
                  | sacrifice]
 14525 | D:11     | Gained mutation: You cannot study or cast Transmutations
                  | magic. [Ru sacrifice]
 14525 | D:11     | Gained mutation: You cannot study or cast Necromancy magic.
                  | [Ru sacrifice]
 14525 | D:11     | Reached * piety under Ru
 14589 | D:11     | Found a portal to a secret trove of treasure.
 15076 | Trove    | Entered a treasure trove
 15086 | Trove    | Identified the ring of Zuwuirurgh {Fire rElec Str+8 Int-2}
 15088 | Trove    | Identified the ring of the Middle {Ice Slay+3}
 15090 | Trove    | Identified the ring of Sovereignty {rPois SInv}
 15094 | Trove    | Identified the amulet "Ufiguewn" {RegenMP Dex+3}
 15096 | Trove    | Identified the ring of Jeizeken {rPois Will+ Dex+6}
 15098 | Trove    | Identified the amulet of Megalomania {rF+ Regen+ MP+9
                  | Str-2}
 15103 | Trove    | Identified the amulet "Qefoq" {Acrobat Int+2 Slay+3}
 15164 | D:11     | Quit the game

Vanquished Creatures
  3 two-headed ogres
  An unseen horror (D:10)
  Pikel (D:4)
  A cyclops (D:11)
  2 ugly things (D:11)
  A manticore (D:11)
  A centaur skeleton (D:11)
  A gargoyle (D:10)
  3 trolls
  Grinder (D:3)
  A hornet (D:8)
  Prince Ribbit (D:7)
  Sigmund (D:2)
  3 yaks
  2 wyverns
  A wraith (D:11)
  A vampire (D:8)
  A swamp drake (D:9)
  3 sky beasts
  9 orc warriors
  3 ice beasts
  3 black bears
  7 ogres
  5 centaurs
  2 lemures
  3 phantoms
  2 bullfrogs
  A kobold brigand (D:9)
  4 scorpions
  8 wights
  6 killer bees (D:10)
  An electric eel (D:8)
  2 hounds
  7 orc priests
  3 jellies
  A bullfrog skeleton (D:6)
  4 iguanas
  Ijyb (D:3)
  Terence (D:2)
  8 worker ants
  9 orc wizards
  A killer bee zombie (D:6)
  A howler monkey zombie (D:7)
  Robin (D:2)
  14 adders
  3 gnolls (D:9)
  3 shadow imps
  3 white imps
  2 worms
  A dart slug (D:4)
  2 leopard geckos
  77 orcs
  3 ball pythons (D:3)
  5 giant cockroaches
  7 goblins
  7 hobgoblins
  10 jackals
  9 quokkas
  8 bats
  14 frilled lizards
  A jackal skeleton (D:6)
  10 kobolds
  4 rats
305 creatures vanquished.

Vanquished Creatures (others)
  An orc wizard (D:8)
  3 plants (D:3)
4 creatures vanquished.

Grand Total: 309 creatures vanquished
